 Dungeon Crawl Stone Soup version 0.27-a0-1193-g8631133539 (webtiles) character file.

Game seed: 8510489338221376439

31 benadryl the Shield-Bearer (level 3, -2/23 HPs)
             Began as a Gargoyle Fighter on May 26, 2021.
             Frozen to death by an endoplasm (4 damage)
             ... on level 1 of the Dungeon.
             The game lasted 00:01:32 (1147 turns).

benadryl the Shield-Bearer (Gargoyle Fighter)       Turns: 1147, Time: 00:01:33

Health: -2/23      AC: 20    Str: 20    XL:     3   Next: 22%
Magic:  3/3        EV:  0    Int:  8    God:
Gold:   6          SH:  9    Dex:  9    Spells: 2/2 levels left

rFire    . . .     SeeInvis .   a - +0 long sword
rCold    . . .     Faith    .   c - +0 kite shield
rNeg     + . .     Spirit   .   i - +0 crystal plate armour
rPois    ∞         Reflect  .   (no helmet)
rElec    +         Harm     .   (no cloak)
rCorr    .         Rampage  .   j - +0 pair of gloves
Will     .....                  (no boots)
Stlth    ..........             (no amulet)
HPRegen  0.07/turn              (no ring)
MPRegen  0.08/turn              (no ring)

@: no status effects
A: sickness immunity, AC +3, negative energy resistance 1, electricity
resistance, torment resistance 1, petrification resistance
a: no special abilities


You were on level 1 of the Dungeon.
You visited 1 branch of the dungeon, and saw 1 of its levels.

You collected 6 gold pieces.

Inventory:

Hand Weapons
 a - a +0 long sword (weapon)
Armour
 c - a +0 kite shield (worn)
 i - a +0 crystal plate armour (worn)
 j - a +0 pair of gloves (worn)
Scrolls
 e - a scroll of acquirement {unknown}
 f - a scroll of enchant weapon {unknown}
 g - a scroll of identify {unknown}
 h - a scroll of silence {unknown}
Potions
 d - a potion of might


   Skills:
 + Level 3.6 Fighting
 * Level 2.6 Long Blades
 + Level 3.3 Armour
 + Level 3.6 Shields


You had 2 spell levels left.
You didn't know any spells.
Your spell library was empty.

Dungeon Overview and Level Annotations

Branches:
Dungeon (1/15)

Altars:


Innate Abilities, Weirdness & Mutations

You are immune to sickness and miasma.
Your stone body is resilient. (AC +3)
You are immune to poison.
You resist negative energy. (rN+)
You are resistant to electric shocks. (rElec)
You are resistant to unholy torment.
You are immune to petrification.


Message History

The ball python constricts you.
The ball python bites you but does no damage.
The ball python constricts you.
You barely miss the ball python.
The ball python bites you but does no damage.
The ball python constricts you.
The ball python bites you but does no damage.
The ball python constricts you.
You hit the ball python.
You kill the ball python!
An endoplasm comes into view.
You closely miss the rat. The rat bites you but does no damage.
You closely miss the rat. You block the rat's attack.
The endoplasm jiggles.
The rat bites you but does no damage.
You barely miss the rat. The endoplasm freezes you.
You are frozen.
You block the rat's attack.
You barely miss the rat. The rat bites you but does no damage.
You block the endoplasm's attack. The rat completely misses you.
You riposte.
Your shield prevents you from hitting the rat.
The endoplasm freezes you.
You are frozen.
You completely miss the rat. You block the rat's attack.
The endoplasm hits you but does no damage. x2
You block the rat's attack.
You barely miss the rat. The rat bites you but does no damage.
You block the endoplasm's attack.
You slash the rat!
You kill the rat!
The endoplasm freezes you.
You are frozen.
The endoplasm freezes you.
You are frozen.
* * * LOW HITPOINT WARNING * * *
You hit the endoplasm but do no damage.
The endoplasm jiggles.
The endoplasm freezes you.
You are frozen.
You die...

### .. #.#
###..## .....#
#####
##.#.####...##
.#....#.###.##
#$#....## ##.#
#)#.J@.# #.#
#S(#.....# ##.#
#.##.#...#.###.##
.. .?...####...##
#......#### ##.##
##.#### #.# # #.#
#.# #.#


You could see an endoplasm.

Vanquished Creatures
  2 bats (D:1)
  2 endoplasms (D:1)
  2 hobgoblins (D:1)
  6 jackals (D:1)
  A quokka (D:1)
  3 ball pythons (D:1)
  A frilled lizard (D:1)
  5 kobolds (D:1)
  5 rats (D:1)
27 creatures vanquished.

Notes
Turn   | Place    | Note
-------+----------+-------------------------------------------
     0 | D:1      | benadryl the Gargoyle Fighter began the quest for the Orb.
     0 | D:1      | Reached XP level 1. HP: 14/14 MP: 1/1
   583 | D:1      | Reached XP level 2. HP: 19/19 MP: 2/2
   944 | D:1      | Reached XP level 3. HP: 21/23 MP: 3/3
  1147 | D:1      | Frozen to death by an endoplasm

Illustrated notes

Levels and vault maps discovered:
D:1:      amcnicky_arrival_double_pillar, layout_loops_corners,
          amcnicky_mini_pool_small, minmay_small_reverse_x

Skill      XL: |  1 |
---------------+----+-----
Long Blades    | 2 |  2.6
Fighting       | |  3.6
Armour         | |  3.3
Shields        | |  3.6

Action                   || total
-------------------------++-------
Melee: Long sword        ||   108
Armor: Scale mail        ||    36
       Crystal plate arm ||    51
Dodge: Dodged            ||    25
Block: Kite shield       ||    87
       Rpst.: Long sword ||    14

Table legend: (Time is in decaauts)
 A = Elapsed time spent in this place.
 B = Non-inter-level travel time spent in this place.
 C = Inter-level travel time spent in this place.
 D = Time resting spent in this place.
 E = Time spent auto-exploring this place.
 F = Levels seen in this place.
 G = Mean time per level.
                   A        B        C        D        E       F      G
               +--------+--------+--------+--------+--------+-----+--------+
         Total |   1202 |   1202 |      0 |    449 |    491 |   1 | 1202.0 |
       Dungeon |   1202 |   1202 |      0 |    449 |    491 |   1 | 1202.0 |
               +--------+--------+--------+--------+--------+-----+--------+

Top non-repeatable levels by time:
     D:1: 1202 daAuts
